Map: Lost and Found LE

Players

HeroMarine

  • Race: Terran Terran
  • Spawn Location: 1:00

Serral - Winner!

  • Race: Zerg Zerg
  • Spawn Location: 7:00

Event: WCS Austin 2018

VOD

Have the link to the VOD?

Description

Time

  • Played on: June 3, 2018, 12:14 p.m.
  • Length: 11:28

All games in this series

Show
View Real Time Build Order
Export as new Build Order

HeroMarine Terran 

Build Orders: Gas First Reaper Expand, Reaper Expand, Bio Tank, Banshee Rush 

Get SALT Encoding   

  12  0:00  SCV  
  13  0:12  SCV  
  14  0:17  Supply Depot  
  14  0:25  SCV  
  15  0:29  Refinery  
  15  0:38  SCV  
  16  0:43  Barracks  
  16  0:50  SCV  
  17  1:03  SCV  
  18  1:15  SCV  
  19  1:30  Reaper  
  19  1:31  Orbital Command  
  20  1:40  Command Center  
  20  1:52  Factory  
  20  1:56  SCV  
  21  2:07  Barracks Reactor  
  21  2:08  SCV  
  21  2:12  Supply Depot  
  21  2:14  Refinery  
  22  2:20  SCV  
  22  2:33  SCV  
  22  2:36  Hellion  
  25  2:41  Marine  
  26  2:45  Starport, SCV  
  26  3:03  Barracks Reactor  
  25  3:21  Orbital Command, SCV  
  25  3:22  Hellion  
  25  3:23  Starport Tech Lab  
  28  3:33  SCV  
  29  3:41  Cloaking Field  
  29  3:42  Banshee  
  29  3:46  SCV  
  29  3:47  SCV  
  34  3:48  Supply Depot  
  34  3:58  SCV  
  34  3:59  SCV  
  36  4:05  Command Center  
  36  4:09  Barracks Tech Lab  
  36  4:10  SCV  
  36  4:11  SCV  
  42  4:22  SCV  
  42  4:23  Supply Depot, SCV  
  44  4:26  Banshee  
  44  4:29  Marine  
  44  4:30  Stimpack  
  44  4:34  SCV  
  44  4:35  SCV  
  46  4:41  Supply Depot  
  46  4:46  SCV, Hellion x2  
  46  4:47  SCV  
  46  4:49  Marine  
  52  4:58  SCV  
  52  4:59  SCV  
  54  5:04  Supply Depot  
  54  5:07  Marine  
  54  5:10  SCV  
  54  5:11  SCV  
  54  5:13  Barracks  
  57  5:15  Barracks  
  57  5:18  Factory Reactor  
  57  5:22  SCV  
  57  5:23  SCV  
  57  5:25  Marine  
  58  5:29  Orbital Command  
  58  5:34  SCV  
  59  5:36  SCV  
  59  5:37  Engineering Bay  
  59  5:40  Engineering Bay  
  59  5:41  Starport Reactor  
  60  5:42  Marine  
  60  5:47  SCV  
  60  5:48  SCV  
  63  5:57  Barracks  
  63  5:59  Refinery, SCV, Barracks  
  63  6:00  Orbital Command, SCV, Marine  
  63  6:01  Refinery  
  67  6:04  Factory Tech Lab  
  67  6:09  Terran Infantry Weapons Level 1, Terran Infantry Armor Level 1  
  67  6:11  SCV, Marine x4  
  60  6:12  SCV  
  65  6:18  Marine  
  65  6:19  Supply Depot  
  65  6:21  Medivac  
  65  6:23  SCV  
  65  6:24  SCV, Medivac  
  72  6:29  SCV, Marine x2  
  72  6:30  Marine x2  
  77  6:33  Combat Shield  
  77  6:35  SCV  
  77  6:36  SCV, Marine  
  80  6:41  SCV  
  80  6:46  Supply Depot, Marine, Barracks Reactor  
  80  6:47  SCV, Barracks Reactor  
  82  6:48  Supply Depot, SCV  
  82  6:53  SCV  
  85  6:54  Medivac x2  
  85  6:59  SCV  
  85  7:00  SCV  
  91  7:02  Supply Depot  
  91  7:03  Supply Depot  
  91  7:04  Marine x2  
  91  7:07  SCV, Marine x2  
  96  7:11  Supply Depot, SCV, Marine  
  96  7:12  SCV  
  102  7:19  SCV  
  103  7:23  SCV  
  103  7:24  SCV  
  103  7:26  Marine x3  
  103  7:27  Marine x5  
  103  7:29  Marine  
  114  7:33  Siege Tank  
  114  7:34  Factory  
  114  7:38  SCV x3  
  114  7:44  Marine x3  
  118  7:45  Marine x2  
  118  7:47  Refinery x2  
  118  7:49  Armory  
  122  7:52  Supply Depot, Marine x4  
  122  7:53  Supply Depot  
  126  8:01  Marine x2  
  126  8:02  Marine x2  
  126  8:03  Unknown  
  130  8:09  Siege Tank  
  130  8:12  Supply Depot  
  133  8:16  Barracks x2  
  133  8:18  Marine x2  
  133  8:19  Barracks  
  123  8:21  Marine x2  
  123  8:23  Marine x5  
  129  8:35  Marine  
  129  8:36  Terran Infantry Armor Level 2, Terran Infantry Weapons Level 2, Marine  
  129  8:39  Marine, Factory Tech Lab  
  127  8:42  Siege Tank, Terran Vehicle Weapons Level 1  
  127  8:46  Marine x3  
  127  8:48  SCV x2  
  134  8:52  Marine  
  134  8:53  Marine  
  136  8:56  Marine x2  
  136  8:58  Siege Tank  
  141  9:05  Supply Depot  
  141  9:06  Supply Depot  
  141  9:08  Unknown, Medivac x2  
  142  9:11  Marine  
  142  9:12  Marine x3  
  142  9:14  Siege Tank, Marine x2  
  142  9:15  Marine  
  142  9:16  Marine  
  151  9:17  Marine  
  151  9:20  Marine  
  151  9:21  Marine  
  154  9:24  Marine  
  154  9:29  Marine x2  
  154  9:30  Siege Tank  
  160  9:34  Marine x5  
  160  9:35  Marine x2  
  160  9:37  Sensor Tower  
  167  9:38  Marine x2  
  167  9:42  Marine  
  168  9:46  Siege Tank  
  168  9:50  Marine  
  168  9:51  Marine  
  173  9:57  Supply Depot  
  173  9:59  Marine x7  
  180  10:04  Marine  
  181  10:12  Marine  
  181  10:13  Marine  
  180  10:17  Marine x3  
  180  10:18  Marine x6  
  187  10:22  Marine  
  175  10:30  Marine  
  175  10:31  Marine  
  175  10:34  Marine  
  175  10:35  Siege Tank, Marine x2  
  173  10:36  Marine x6  
  173  10:40  Marine  
  176  10:48  Marine  
  176  10:49  Marine  
  178  10:52  Marine  
  178  10:53  Marine x2  
  178  10:54  Marine x6  
  168  10:58  Marine  
  146  11:06  Marine x2  
  146  11:10  Marine  
Show
View Real Time Build Order
Export as new Build Order

Serral Zerg - Winner!

Build Orders: Pool First 

Get SALT Encoding   

  12  0:00  Drone  
  13  0:12  Overlord  
  13  0:17  Drone  
  14  0:31  Drone x2  
  16  0:39  Spawning Pool  
  15  0:44  Drone  
  15  0:48  Drone  
  17  1:08  Hatchery  
  17  1:10  Drone  
  17  1:25  Extractor  
  16  1:27  Zergling x4  
  16  1:28  Zergling x2  
  16  1:31  Queen  
  21  1:38  Overlord  
  21  1:49  Drone  
  22  2:01  Drone  
  23  2:06  Queen  
  25  2:11  Drone  
  26  2:21  Drone  
  27  2:25  Drone, Queen  
  27  2:26  Metabolic Boost  
  30  2:31  Drone  
  30  2:35  Drone  
  32  2:40  Drone  
  32  2:41  Drone  
  32  2:42  Drone  
  35  2:47  Overlord  
  35  2:56  Drone x2  
  35  3:00  Drone  
  35  3:10  Drone x2  
  35  3:12  Hatchery  
  36  3:15  Drone x2  
  36  3:17  Drone  
  39  3:21  Overlord  
  39  3:26  Queen  
  39  3:32  Zergling x4  
  39  3:33  Zergling x2  
  44  3:42  Zergling x2  
  44  3:43  Drone x3  
  44  3:44  Drone  
  44  3:46  Overlord  
  49  3:50  Drone x2  
  49  3:53  Drone  
  52  3:56  Overlord  
  52  4:04  Queen  
  52  4:06  Drone x2  
  56  4:12  Lair  
  56  4:15  Baneling Nest, Drone  
  56  4:21  Overlord, Zergling x2  
  56  4:22  Overlord  
  57  4:26  Queen  
  57  4:27  Drone x2  
  61  4:32  Drone  
  61  4:33  Spore Crawler, Drone  
  61  4:37  Zergling x4  
  64  4:39  Drone x2  
  64  4:43  Drone x2  
  68  4:48  Overlord  
  68  4:55  Overlord, Spore Crawler  
  68  4:57  Spore Crawler  
  65  5:00  Extractor  
  65  5:01  Extractor, Zergling x4  
  65  5:02  Drone x2  
  65  5:04  Drone x2  
  69  5:09  Overseer  
  69  5:11  Drone  
  69  5:13  Drone x2  
  72  5:15  Centrifical Hooks  
  72  5:16  Zergling x4  
  72  5:17  Drone x2  
  76  5:27  Drone x3  
  76  5:28  Drone x3  
  81  5:30  Overseer  
  82  5:36  Extractor  
  82  5:37  Extractor  
  82  5:38  Drone x2  
  82  5:39  Drone  
  82  5:41  Drone x2, Evolution Chamber  
  82  5:42  Evolution Chamber  
  83  5:48  Drone x2  
  85  5:50  Hatchery  
  85  5:52  Overlord  
  84  5:59  Drone  
  84  6:00  Drone  
  84  6:01  Zergling x8  
  90  6:09  Zerg Melee Weapons Level 1, Zerg Ground Armor Level 1  
  88  6:20  Hydralisk Den  
  88  6:22  Pneumatized Carapace  
  88  6:24  Zergling x8  
  91  6:29  Overlord  
  91  6:30  Zergling x14  
  98  6:33  Drone x3  
  98  6:35  Drone  
  98  6:38  Drone  
  102  6:41  Drone  
  103  6:47  Baneling x5  
  103  6:48  Baneling x2, Drone  
  103  6:49  Drone x6  
  103  6:52  Hatchery  
  103  6:53  Muscular Augments  
  109  6:58  Overlord  
  109  6:59  Overlord  
  109  7:04  Drone x3  
  109  7:05  Drone x2, Queen  
  109  7:06  Zergling x4  
  118  7:14  Zergling x2  
  119  7:18  Overlord x2  
  119  7:20  Baneling x4, Hatchery  
  118  7:27  Zergling x18  
  126  7:37  Zergling x12  
  132  7:44  Overlord  
  132  7:49  Zergling x14  
  139  7:59  Zergling x2, Hydralisk x4  
  139  8:04  Grooved Spines  
  139  8:05  Zerg Ground Armor Level 2, Zerg Melee Weapons Level 2  
  148  8:06  Infestation Pit  
  148  8:07  Drone x4  
  148  8:08  Drone  
  151  8:13  Hydralisk  
  151  8:14  Hydralisk x7  
  161  8:27  Zergling x10  
  161  8:31  Baneling x4  
  166  8:35  Overlord  
  166  8:38  Spore Crawler, Drone x2  
  165  8:42  Zergling x12  
  165  8:44  Overlord x3, Hive  
  165  8:46  Overlord  
  165  8:47  Overlord  
  170  9:01  Extractor, Drone x3  
  172  9:03  Hydralisk x2, Queen  
  172  9:04  Zergling x18  
  172  9:08  Hatchery  
  183  9:10  Zergling x4  
  183  9:11  Zergling x14  
  192  9:21  Baneling x5  
  192  9:22  Baneling  
  192  9:24  Baneling x3  
  192  9:27  Zergling x16  
  192  9:30  Baneling x12  
  200  9:43  Queen x2  
  195  9:49  Zergling x2, Hydralisk x2  
  200  9:56  Spire  
  200  9:57  Extractor, Drone x2, Ultralisk Cavern  
  200  9:58  Drone  
  199  10:05  Zergling x6  
  200  10:14  Zergling x4  
  194  10:29  Viper x2  
  194  10:33  Baneling x5  
  193  10:39  Zergling x24  
  199  10:43  Zergling x2  
  200  10:56  Zergling x2  
  200  10:57  Zergling x44  
  200  11:03  Baneling x17  
  187  11:05  Zergling x24  
  187  11:06  Zergling x2  
  187  11:08  Baneling x2  
  187  11:10  Zergling x2  
  187  11:11  Zergling x2  
Tags
 
Add a new tag
Caveats
  • Supply blocks, unpowered buildings, or Contaminate may cause inaccurate times.
  • Supply counts are checked every 10 seconds.